 Dungeon Sprint DCSS version 0.21.1-1-g345015f (webtiles) character file.

2898 Fang the Fighter (level 9, -2/94 HPs)
             Began as a Minotaur Berserker on Apr 25, 2018.
             Was the Champion of Trog.
             Slain by a wolf spider (5 damage)
             ... in the Dungeon (Sprint V: "Ziggurat Sprint").
             The game lasted 00:04:17 (1138 turns).

Fang the Fighter (Minotaur Berserker)               Turns: 1138, Time: 00:04:18

Health: -2/94      AC: 19    Str: 30    XL:     9   Next: 49%
Magic:  2/2        EV: 12    Int:  4    God:    Trog [******]
Gold:   0          SH:  0    Dex: 11    Spells: 8/8 levels left

rFire    . . .     SeeInvis .   a - +12 falchion of No Interval {antimagic, +Blink rPois rC+ MR-}
rCold    + . .     Gourm    .   (no shield)
rNeg     . . .     Faith    .   j - +5 shadow dragon scales
rPois    +         Spirit   .   (helmet restricted)
rElec    .         Reflect  .   (no cloak)
rCorr    .         Harm     .   (no gloves)
MR       .....     NoTele   +   (no boots)
Stlth    ++........             (no amulet)
HPRegen  0.25/turn              G - ring of flight
MPRegen  0.08/turn              F - +6 ring of strength

@: confused, lethally poisoned (-2 -> -9)
A: retaliatory headbutt, horns 2
a: Berserk, Trog's Hand, Brothers in Arms, Burn Spellbooks, Renounce Religion,
Evoke Blink, Evoke Flight


You were in the Dungeon.
You worshipped Trog.
Trog was exalted by your worship.
You were not hungry.

You visited 1 branch

Inventory:

Hand Weapons
 a - the +12 falchion of No Interval (weapon) {antimagic, +Blink rPois rC+ MR-}
   (You found it in the Dungeon)

   It reduces the magical energy of the wielder, and disrupts the spells and
   magical abilities of those hit.
   Natural abilities and divine invocations are not affected.
   It protects you from cold.
   It protects you from poison.
   It affects your resistance to hostile enchantments.
   It lets you blink.
 l - a +5 demon trident of protection
 C - a +0 executioner's axe of holy wrath
Armour
 j - +5 shadow dragon scales (worn)
Jewellery
 F - a +6 ring of strength (right hand)
 G - a ring of flight (left hand)
Wands
 x - a wand of disintegration (7)
 y - a wand of iceblast (7)
 z - a wand of acid (7)
Scrolls
 i - 4 scrolls of blinking
 m - 7 scrolls of fog
 n - a scroll of holy word
 o - 5 scrolls of identify
 p - 5 scrolls of remove curse
 q - 2 scrolls of fear
Potions
 d - 10 potions of curing
 e - 10 potions of heal wounds
 f - 6 potions of haste
 g - 7 potions of magic
 h - 3 potions of berserk rage
 r - 2 potions of brilliance
 s - 2 potions of invisibility
 t - 4 potions of resistance
 u - a potion of experience
 v - 5 potions of agility
 w - 5 potions of might
Miscellaneous
 A - a box of beasts
Comestibles
 b - 5 chunks of flesh
 c - 7 rations


   Skills:
 + Level 13.8 Fighting
 + Level 12.4(15.0) Axes
   Level 5.6(9.9) Maces & Flails
 + Level 13.3(15.1) Polearms
 + Level 10.1 Armour
 + Level 6.0 Dodging
 + Level 0.5 Stealth


You had 8 spell levels left.
You didn't know any spells.

Dungeon Overview and Level Annotations

Branches:
Dungeon (1/1)

Altars:
Ashenzari
Cheibriados
Dithmenos
Elyvilon
Fedhas
Gozag
Hepliaklqana
Kikubaaqudgha
Makhleb
Nemelex Xobeh
Okawaru
Qazlal
Ru
Sif Muna
Trog
Uskayaw
Vehumet
Wu Jian
Xom
Yredelemnul
Zin
The Shining One
Beogh
Jiyva
Lugonu

Annotations:
D 1 transporter


Innate Abilities, Weirdness & Mutations

You reflexively headbutt those who attack you in melee.
You have a pair of horns on your head.


Message History

The wolf spider bites you but does no damage.
The redback misses you. The scorpion barely misses you.
The scorpion stings you but does no damage.
The wolf spider misses you. The wolf spider closely misses you.
The redback closely misses you. The wolf spider misses you. x2
You miss the wolf spider.
You feel sick. The wolf spider hits you!
* * * LOW HITPOINT WARNING * * *
The wolf spider barely misses you.
The redback bites you but does no damage.
The tarantella barely misses you. The scorpion closely misses you.
The redback barely misses you. The tarantella completely misses you.
Unknown command.
You slash the wolf spider! You headbutt the wolf spider.
The wolf spider is moderately wounded.
You feel sick. The redback bites you.
* * * LOW HITPOINT WARNING * * *
The wolf spider hits you!
* * * LOW HITPOINT WARNING * * *
The wolf spider bites you.
You die...

▓....©....▓...©...▓
▓▓▓▓▓▓▓▓▓▓▓▓▓▓▓▓▓▓▓
▓...8©8...▓..8©8..▓
▓.."}=|[..▓...|)..▓
▓...|[=...▓..).}..▓
▓.........▓.......▓
▓....s....▓...)...▓
▓...sss...▓...)...▓
▓...s@s...▓...)...▓
▓.▓.s.s.▓.▓.......▓
▓....©....▓...©...▓
▓▓▓▓▓▓▓▓▓▓▓▓▓▓▓▓▓▓▓


You could see 2 wolf spiders, 2 tarantellas, a redback and 3 scorpions.

Vanquished Creatures
  A glowing orange brain (D)
  A black mamba (D)
  4 merfolk (D)
  A wind drake (D)
  2 air elementals (D)
  2 nagas (D)
  2 insubstantial wisps (D)
  A water moccasin (D)
  2 necrophages (D)
  A wight (D)
  2 iron imps (D)
  4 mummies (D)
  3 adders (D)
  A white imp (D)
  An ufetubus (D)
  3 adder zombies (D)
  3 ball pythons (D)
  A leopard gecko zombie (D)
35 creatures vanquished.

Vanquished Creatures (others)
  2 insubstantial wisps (D)
2 creatures vanquished.

Grand Total: 37 creatures vanquished

Notes
Turn   | Place    | Note
-------+----------+-------------------------------------------
     0 | D        | Found the +6 Majin-Bo {vamp, Archmagi MP+6 Int+6}
     0 | D        | Found the +7 great mace "Firestarter" {inner flame, rF++}
     0 | D        | Fang the Minotaur Berserker began the quest for the Orb.
     0 | D        | Reached XP level 1. HP: 19/19 MP: 0/0
     3 | D        | Found a blossoming altar of Fedhas.
     4 | D        | Found a viscous altar of Jiyva.
     4 | D        | Found a hazy altar of Hepliaklqana.
     4 | D        | Found a transporter.
     4 | D        | Found an opulent altar of Gozag.
     4 | D        | Found an ancient bone altar of Kikubaaqudgha.
     4 | D        | Found a corrupted altar of Lugonu.
    10 | D        | Found a burning altar of Makhleb.
    11 | D        | Found a stormy altar of Qazlal.
    11 | D        | Found a sacrificial altar of Ru.
    11 | D        | Found an iron altar of Okawaru.
    11 | D        | Found a deep blue altar of Sif Muna.
    11 | D        | Found a sparkling altar of Nemelex Xobeh.
    11 | D        | Found a bloodstained altar of Trog.
    73 | D        | Entered arena 2.
    73 | D        | Found a transporter.
    79 | D        | Reached skill level 5 in Fighting
    79 | D        | Reached skill level 5 in Axes
    79 | D        | Reached XP level 2. HP: 29/29 MP: 1/1
   125 | D        | Entered arena 3.
   125 | D        | Noticed a glowing orange brain
   125 | D        | Found a transporter.
   132 | D        | Reached ** piety under Trog
   132 | D        | Reached skill level 1 in Polearms
   132 | D        | Reached XP level 3. HP: 24/37 MP: 2/2
   138 | D        | Reached XP level 4. HP: 30/45 MP: 3/3
   182 | D        | Killed a glowing orange brain
   182 | D        | Reached skill level 10 in Axes
   182 | D        | Reached skill level 5 in Dodging
   182 | D        | Reached XP level 5. HP: 39/60 MP: 4/4
   182 | D        | Reached XP level 6. HP: 44/68 MP: 5/5
   182 | D        | Reached XP level 7. HP: 48/74 MP: 6/6
   399 | D        | Entered arena 4.
   399 | D        | Noticed a merfolk
   399 | D        | Noticed a merfolk
   399 | D        | Noticed a merfolk
   399 | D        | Noticed a merfolk
   399 | D        | Found a transporter.
   405 | D        | Killed a merfolk
   405 | D        | Reached *** piety under Trog
   408 | D        | Killed a merfolk
   408 | D        | Reached skill level 10 in Polearms
   417 | D        | Killed a merfolk
   417 | D        | Reached XP level 8. HP: 58/85 MP: 7/7
   419 | D        | Killed a merfolk
   423 | D        | Got the +4 long sword "Onucujem" {freeze, rF+ rC+}
   597 | D        | Entered arena 5.
   597 | D        | Found a transporter.
   599 | D        | Reached **** piety under Trog
   617 | D        | Got the +8 whip of Egyuss {drain, +Blink Dex+3 SInv}
   664 | D        | Entered arena 6.
   664 | D        | Found a transporter.
   669 | D        | Reached ***** piety under Trog
   685 | D        | Received a gift from Trog
   763 | D        | Entered arena 7.
   764 | D        | Found a transporter.
   768 | D        | Reached skill level 1 in Maces & Flails
   781 | D        | Reached ****** piety under Trog
   781 | D        | Received a gift from Trog
   804 | D        | Entered arena 8.
   804 | D        | Noticed a black mamba
   805 | D        | Found a transporter.
   812 | D        | Killed a black mamba
   812 | D        | Reached XP level 9. HP: 74/93 MP: 8/8
   814 | D        | Received a gift from Trog
   957 | D        | Entered arena 9.
   957 | D        | Noticed a wind drake
   959 | D        | Found a transporter.
   966 | D        | Reached skill level 5 in Maces & Flails
   966 | D        | Reached skill level 10 in Armour
   975 | D        | Killed a wind drake
   975 | D        | Received a gift from Trog
   986 | D        | Got the +12 falchion of No Interval {antimagic, +Blink rPois rC+ MR-}
  1129 | D        | Entered arena 10.
  1129 | D        | Noticed a wolf spider
  1129 | D        | Noticed a wolf spider
  1130 | D        | Found a transporter.
  1138 | D        | HP: 3/94 [wolf spider (11)]
  1138 | D        | Slain by a wolf spider

Skill      XL: |  1  2  3  4  5  6  7  8  9 |
---------------+----------------------------+-----
Fighting       | 5 6 11 12 13 | 13.8
Axes           | 5 6 10 11 12 | 12.4
Polearms       | 1 2 8 10 12 13 | 13.3
Armour         | 3 6 7 9 10 | 10.1
Dodging        | 3 5 6 |  6.0
Maces & Flails | 3 5 |  5.6
Stealth        | |  0.5

Action                   |  1- 3 |  4- 6 |  7- 9 || total
-------------------------+-------+-------+-------++-------
Melee: Demon trident     |    10 |    18 |    26 ||    54
       Headbutt          |     2 |     3 |    14 ||    19
       Whip              |       |       |    34 ||    34
       Executioner's axe |       |       |     7 ||     7
       Falchion          |       |       |     7 ||     7
Invok: Berserk           |     1 |       |     2 ||     3
       Burn Spellbooks   |       |       |     3 ||     3
  Use: Scroll            |       |       |     2 ||     2
  Eat: Chunk             |       |       |     4 ||     4
Armor: Shadow dragon sca |    11 |    15 |    37 ||    63
Dodge: Dodged            |     5 |    19 |    61 ||    85
       Rpst.: Falchion   |       |       |     2 ||     2
